| TOP OF THE 1ST |
|
Omaha Storm Chasers batting - Pitching for Iowa Oaks : RHP Dwight Gooden
|
|
Pitching: RHP Dwight Gooden
|
|
|
Batting: RHB Jay Schellin
|
0-0: Swinging Strike 0-1: Ball 1-1: Ball 2-1: Foul Ball, location: 2F 2-2: Ball 3-2: Fly out, F7 (Line Drive, 7, EV 100.0 MPH)
|
|
Batting: SHB Rafael Landestoy
|
0-0: Ground out U3 (Groundball, 3, EV 84.4 MPH)
|
|
Batting: RHB Don Money
|
0-0: Ball 1-0: Fly out, F8 (Flyball, 78XD, EV 85.6 MPH)
|
| Top of the 1st over - 0 runs, 0 hits, 0 errors, 0 left on base; Omaha 0 - Iowa 0 |
| BOTTOM OF THE 1ST |
|
Iowa Oaks batting - Pitching for Omaha Storm Chasers : LHP Joe W Price
|
|
Pitching: LHP Joe W Price
|
|
|
Batting: SHB Michael Pace
|
0-0: Ball 1-0: Called Strike 1-1: Called Strike 1-2: Ground out U3 (Groundball, 3S, EV 86.3 MPH)
|
|
Batting: RHB Edgar Flores
|
0-0: Ground out 5-3 (Groundball, 5, EV 83.1 MPH)
|
|
Batting: RHB Mark Benson
|
0-0: Ball 1-0: Ball 2-0: Swinging Strike 2-1: Fly out, F9 (Flyball, 89M, EV 88.1 MPH)
|
| Bottom of the 1st over - 0 runs, 0 hits, 0 errors, 0 left on base; Omaha 0 - Iowa 0 |
| TOP OF THE 2ND |
|
Omaha Storm Chasers batting - Pitching for Iowa Oaks : RHP Dwight Gooden
|
|
Batting: RHB Al Minker
|
0-0: Ball 1-0: Called Strike 1-1: SINGLE (Groundball, 6D, EV 101.3 MPH)
|
|
Batting: SHB Larry Bowa
|
0-0: Ball 1-0: Swinging Strike 1-1: Foul Ball, location: 2F 1-2: Foul Ball, location: 2F 1-2: Foul Ball, location: 2F 1-2: 2-RUN HOME RUN (Flyball, 9D, EV 95.0 MPH), Distance : 368 ft
|
|
Batting: LHB Donald Elliott
|
0-0: Swinging Strike 0-1: Foul Ball, location: 2F 0-2: Ball 1-2: Ball 2-2: Ground out U3 (Groundball, 34, EV 83.8 MPH)
|
|
Batting: RHB Mike Allport
|
0-0: Ball 1-0: Ground out U3 (Groundball, 3S, EV 81.9 MPH)
|
|
Batting: RHB Odie Davis
|
0-0: Called Strike 0-1: Foul Ball, location: 2F 0-2: Strikes out looking
|
| Top of the 2nd over - 2 runs, 2 hits, 0 errors, 0 left on base; Omaha 2 - Iowa 0 |
| BOTTOM OF THE 2ND |
|
Iowa Oaks batting - Pitching for Omaha Storm Chasers : LHP Joe W Price
|
|
Batting: SHB Mike Turgeon
|
0-0: Ball 1-0: Ball 2-0: Ball 3-0: Called Strike 3-1: Foul Ball, location: 2F 3-2: Base on Balls
|
|
Batting: RHB Dave F Schmidt
|
0-0: Ball 1-0: Called Strike 1-1: Fly out, F9 (Flyball, 9D, EV 106.3 MPH)
|
|
Batting: LHB Gary Jones
|
0-0: Ball Mike Turgeon steals 2nd base 1-0: SINGLE (Groundball, 34D, EV 104.4 MPH) Mike Turgeon to third Runner from 3rd tries for Home, SAFE, throw by RF to home
|
|
Batting: RHB Ronald Evans
|
0-0: Ball 1-0: Swinging Strike 1-1: Swinging Strike 1-2: Ball 2-2: Ball 3-2: Base on Balls Gary Jones to second
|
|
Batting: LHB Donald Johnson
|
0-0: Foul Ball, location: 2F 0-1: Ball 1-1: Ball 2-1: Swinging Strike 2-2: Ball 3-2: Foul Ball, location: 2F 3-2: SINGLE (Groundball, 56D, EV 93.8 MPH) Gary Jones to third Ronald Evans to second Runner from 3rd tries for Home, SAFE, throw by LF to home
|
|
Batting: LHB Wayne Krenchicki
|
0-0: Foul Ball, location: 2F 0-1: Swinging Strike 0-2: Strikes out swinging
|
|
Batting: SHB Michael Pace
|
0-0: Ball 1-0: Ball 2-0: Called Strike 2-1: Swinging Strike 2-2: Fly out, F6 (Line Drive, 6, EV 70.0 MPH)
|
| Bottom of the 2nd over - 2 runs, 2 hits, 0 errors, 2 left on base; Omaha 2 - Iowa 2 |
| TOP OF THE 3RD |
|
Omaha Storm Chasers batting - Pitching for Iowa Oaks : RHP Dwight Gooden
|
|
Batting: LHB Charles Ross
|
0-0: SINGLE (Line Drive, 7S, EV 101.3 MPH)
|
|
Batting: RHB Jay Schellin
|
0-0: Called Strike 0-1: Foul Ball, location: 2F 0-2: Foul Ball, location: 2F 0-2: Ball 1-2: Ball 2-2: Ball 3-2: SINGLE (Line Drive, 6D, EV 103.8 MPH) Charles Ross to second
|
|
Batting: SHB Rafael Landestoy
|
0-0: Swinging Strike 0-1: Ball Wild Pitch! Charles Ross to third Jay Schellin to second 1-1: Ball 2-1: Foul Ball, location: 2F 2-2: Foul Ball, location: 2F 2-2: Foul Ball, location: 2F 2-2: Ball 3-2: Foul Ball, location: 2F 3-2: Base on Balls
|
|
Batting: RHB Don Money
|
0-0: Foul Ball, location: 2F 0-1: Foul Ball, location: 2F 0-2: GRAND SLAM HOME RUN (Line Drive, 89XD, EV 98.8 MPH), Distance : 410 ft
|
|
Batting: RHB Al Minker
|
0-0: Ball 1-0: DOUBLE (Line Drive, 78XD, EV 110.0 MPH)
|
|
Pitching: RHP Wesley Williams
|
|
|
Batting: SHB Larry Bowa
|
0-0: Ball 1-0: Called Strike 1-1: Called Strike 1-2: Ground out 4-3 (Groundball, 4, EV 104.4 MPH) Al Minker to third
|
|
Batting: LHB Donald Elliott
|
0-0: Ball 1-0: Called Strike 1-1: Ball 2-1: SINGLE (Flyball, 4D, EV 92.5 MPH) Al Minker scores
|
|
Batting: RHB Mike Allport
|
0-0: Ball 1-0: Ball 2-0: Fielders Choice at 2nd, 6-4 (Groundball, 6M, EV 83.8 MPH)
|
|
Batting: RHB Odie Davis
|
0-0: Called Strike 0-1: Foul Ball, location: 2F 0-2: Ball 1-2: Fielders Choice at 2nd, 6-4 (Groundball, 6, EV 98.1 MPH)
|
| Top of the 3rd over - 5 runs, 5 hits, 0 errors, 1 left on base; Omaha 7 - Iowa 2 |
| BOTTOM OF THE 3RD |
|
Iowa Oaks batting - Pitching for Omaha Storm Chasers : LHP Joe W Price
|
|
Batting: RHB Edgar Flores
|
0-0: Ball 1-0: Ball 2-0: Ball 3-0: Called Strike 3-1: DOUBLE (Groundball, 5L, EV 96.9 MPH)
|
|
Batting: RHB Mark Benson
|
0-0: Ball 1-0: Ball 2-0: Swinging Strike 2-1: Ball 3-1: Base on Balls
|
|
Batting: SHB Mike Turgeon
|
0-0: Called Strike 0-1: Fly out, F9 (Flyball, 9LM, EV 80.0 MPH) Runner from 2nd tags up, SAFE at 3rd, no throw by RF
|
|
Batting: RHB Dave F Schmidt
|
0-0: Ball 1-0: Ball 2-0: Ball 3-0: Base on Balls Mark Benson to second
|
|
Batting: LHB Gary Jones
|
0-0: Called Strike 0-1: Ball 1-1: Ball 2-1: Swinging Strike 2-2: Strikes out swinging
|
|
Batting: RHB Ronald Evans
|
0-0: Called Strike 0-1: Ball 1-1: Ball 2-1: Foul Ball, location: 2F 2-2: Foul Ball, location: 2F 2-2: Foul Ball, location: 2F 2-2: Strikes out swinging
|
| Bottom of the 3rd over - 0 runs, 1 hit, 0 errors, 3 left on base; Omaha 7 - Iowa 2 |
| TOP OF THE 4TH |
|
Omaha Storm Chasers batting - Pitching for Iowa Oaks : RHP Wesley Williams
|
|
Batting: LHB Charles Ross
|
0-0: Called Strike 0-1: Ball 1-1: Ball 2-1: Foul Ball, location: 2F 2-2: Ground out 6-3 (Groundball, 6, EV 85.0 MPH)
|
|
Batting: RHB Jay Schellin
|
0-0: Ball 1-0: Swinging Strike 1-1: Foul Ball, location: 2F 1-2: Ball 2-2: Strikes out looking
|
|
Batting: SHB Rafael Landestoy
|
0-0: Swinging Strike 0-1: Ground out 4-3 (Groundball, 4, EV 85.6 MPH)
|
| Top of the 4th over - 0 runs, 0 hits, 0 errors, 0 left on base; Omaha 7 - Iowa 2 |
| BOTTOM OF THE 4TH |
|
Iowa Oaks batting - Pitching for Omaha Storm Chasers : LHP Joe W Price
|
|
Batting: LHB Donald Johnson
|
0-0: Ball 1-0: SINGLE (Groundball, 4MD, EV 109.4 MPH)
|
|
Batting: LHB Wayne Krenchicki
|
0-0: SINGLE (Groundball, 5D, EV 103.1 MPH) Donald Johnson to second
|
|
Batting: SHB Michael Pace
|
0-0: Ball 1-0: Foul Ball, location: 2F 1-1: Called Strike 1-2: Foul Ball, location: 2F 1-2: Strikes out swinging
|
|
Batting: RHB Edgar Flores
|
0-0: Ball 1-0: Grounds into double play, 6-4-3 (Groundball, 6, EV 83.8 MPH)
|
| Bottom of the 4th over - 0 runs, 2 hits, 0 errors, 1 left on base; Omaha 7 - Iowa 2 |
| TOP OF THE 5TH |
|
Omaha Storm Chasers batting - Pitching for Iowa Oaks : RHP Wesley Williams
|
|
Batting: RHB Don Money
|
0-0: Called Strike 0-1: Ball 1-1: Ball 2-1: Called Strike 2-2: SINGLE (Groundball, 6D, EV 97.5 MPH)
|
|
Batting: RHB Al Minker
|
0-0: Ball 1-0: Called Strike 1-1: Ball Wild Pitch! Don Money to second 2-1: Ball 3-1: Called Strike 3-2: Base on Balls
|
|
Batting: SHB Larry Bowa
|
0-0: Called Strike 0-1: Swinging Strike 0-2: Strikes out swinging
|
|
Batting: LHB Donald Elliott
|
0-0: Ball 1-0: Called Strike 1-1: Foul Ball, location: 2F 1-2: Foul Ball, location: 2F 1-2: Foul Ball, location: 2F 1-2: Foul Ball, location: 2F 1-2: Foul Ball, location: 2F 1-2: Ball 2-2: Grounds into double play, 4-6-3 (Groundball, 4, EV 105.0 MPH)
|
| Top of the 5th over - 0 runs, 1 hit, 0 errors, 1 left on base; Omaha 7 - Iowa 2 |
| BOTTOM OF THE 5TH |
|
Iowa Oaks batting - Pitching for Omaha Storm Chasers : LHP Joe W Price
|
|
Batting: RHB Mark Benson
|
0-0: Ball 1-0: Swinging Strike 1-1: Ball 2-1: Ball 3-1: Base on Balls
|
|
Batting: SHB Mike Turgeon
|
0-0: Called Strike 0-1: Fly out, F8 (Flyball, 8RD, EV 96.9 MPH)
|
|
Batting: RHB Dave F Schmidt
|
0-0: Called Strike 0-1: Ball 1-1: Foul Ball, location: 2F 1-2: SINGLE (Flyball, 6D, EV 93.1 MPH) Mark Benson to second
|
|
Batting: LHB Gary Jones
|
0-0: Called Strike Mark Benson steals 3rd base Dave F Schmidt to second 0-1: Ball 1-1: Ball 2-1: Ball 3-1: Swinging Strike 3-2: Foul Ball, location: 2F 3-2: Ground out 4-3 (Groundball, 4, EV 83.1 MPH) Mark Benson scores Dave F Schmidt to third
|
|
Batting: RHB Ronald Evans
|
0-0: Ball 1-0: Called Strike 1-1: Ground out 5-3 (Groundball, 56S, EV 67.5 MPH)
|
| Bottom of the 5th over - 1 run, 1 hit, 0 errors, 1 left on base; Omaha 7 - Iowa 3 |
| TOP OF THE 6TH |
|
Omaha Storm Chasers batting - Pitching for Iowa Oaks : RHP Wesley Williams
|
|
Batting: RHB Mike Allport
|
0-0: Ball 1-0: Called Strike 1-1: Ball 2-1: Foul Ball, location: 2F 2-2: Ball 3-2: Foul Ball, location: 2F 3-2: Base on Balls
|
|
Batting: RHB Odie Davis
|
0-0: Reached on error, E4 (Groundball, 4, EV 106.9 MPH) Mike Allport to second
|
|
Batting: LHB Charles Ross
|
0-0: Ball 1-0: Foul Ball, location: 2F 1-1: Fly out, F8 (Flyball, 8LD, EV 80.6 MPH)
|
|
Batting: RHB Jay Schellin
|
0-0: Called Strike 0-1: Ball 1-1: Fly out, F7 (Flyball, 78D, EV 106.3 MPH)
|
|
Batting: SHB Rafael Landestoy
|
0-0: Ball 1-0: Ball 2-0: Swinging Strike 2-1: Fly out, F7 (Flyball, 7, EV 92.5 MPH)
|
| Top of the 6th over - 0 runs, 0 hits, 1 error, 2 left on base; Omaha 7 - Iowa 3 |
| BOTTOM OF THE 6TH |
|
Iowa Oaks batting - Pitching for Omaha Storm Chasers : LHP Joe W Price
|
|
Batting: LHB Donald Johnson
|
0-0: Ball 1-0: Foul Ball, location: 2F 1-1: Fly out, F7 (Flyball, 78XD, EV 100.0 MPH)
|
|
Batting: LHB Wayne Krenchicki
|
0-0: Called Strike 0-1: Called Strike 0-2: Strikes out swinging
|
|
Batting: SHB Michael Pace
|
0-0: Ground out 6-3 (Groundball, 56, EV 109.4 MPH)
|
| Bottom of the 6th over - 0 runs, 0 hits, 0 errors, 0 left on base; Omaha 7 - Iowa 3 |
| TOP OF THE 7TH |
|
Omaha Storm Chasers batting - Pitching for Iowa Oaks : RHP Wesley Williams
|
|
Batting: RHB Don Money
|
0-0: Swinging Strike 0-1: Ball 1-1: Ball 2-1: Ball 3-1: Swinging Strike 3-2: Base on Balls
|
|
Pitching: RHP Gregory Kastner
|
|
|
Batting: RHB Al Minker
|
0-0: Called Strike 0-1: Ball 1-1: Swinging Strike 1-2: Strikes out swinging
|
|
Batting: SHB Larry Bowa
|
0-0: Ball 1-0: Swinging Strike 1-1: Foul Ball, location: 2F 1-2: Ball 2-2: Ball 3-2: Strikes out swinging
|
|
Batting: LHB Donald Elliott
|
0-0: Ball 1-0: Called Strike 1-1: Called Strike 1-2: Ball 2-2: Ball 3-2: Base on Balls Don Money to second
|
|
Batting: RHB Mike Allport
|
0-0: Ball 1-0: Ball 2-0: Called Strike 2-1: Foul Ball, location: 2F 2-2: Foul Ball, location: 2F 2-2: Ball Passed Ball! Don Money to third Donald Elliott to second 3-2: Foul Ball, location: 2F 3-2: Base on Balls
|
|
Batting: RHB Odie Davis
|
0-0: Ball 1-0: Ground out 4-3 (Groundball, 4M, EV 100.6 MPH)
|
| Top of the 7th over - 0 runs, 0 hits, 0 errors, 3 left on base; Omaha 7 - Iowa 3 |
| BOTTOM OF THE 7TH |
|
Iowa Oaks batting - Pitching for Omaha Storm Chasers : LHP Joe W Price
|
|
Batting: RHB Edgar Flores
|
0-0: Called Strike 0-1: Foul Ball, location: 2F 0-2: Ball 1-2: Foul Ball, location: 2F 1-2: Ground out 5-3 (Groundball, 56, EV 79.4 MPH)
|
|
Batting: RHB Mark Benson
|
0-0: Ball 1-0: Swinging Strike 1-1: Foul Ball, location: 2F 1-2: Ball 2-2: Ball 3-2: Fly out, F8 (Flyball, 8RM, EV 86.9 MPH)
|
|
Batting: SHB Mike Turgeon
|
0-0: Called Strike 0-1: SINGLE (Line Drive, 89S, EV 95.6 MPH)
|
|
Batting: RHB Dave F Schmidt
|
0-0: Ball 1-0: Foul Ball, location: 2F 1-1: Fielders Choice at 2nd, 6-4 (Groundball, 6, EV 101.3 MPH)
|
| Bottom of the 7th over - 0 runs, 1 hit, 0 errors, 1 left on base; Omaha 7 - Iowa 3 |
| TOP OF THE 8TH |
|
Omaha Storm Chasers batting - Pitching for Iowa Oaks : RHP Gregory Kastner
|
|
Batting: LHB Charles Ross
|
0-0: Called Strike 0-1: Ball 1-1: Swinging Strike 1-2: Ball 2-2: Ball 3-2: Base on Balls
|
|
Batting: RHB Jay Schellin
|
0-0: Bunt - Flyout to 13S! F1
|
|
Batting: SHB Rafael Landestoy
|
0-0: Fly out, F7 (Flyball, 7D, EV 90.0 MPH)
|
|
Batting: RHB Don Money
|
0-0: Called Strike 0-1: Foul Ball, location: 2F 0-2: Strikes out looking
|
| Top of the 8th over - 0 runs, 0 hits, 0 errors, 1 left on base; Omaha 7 - Iowa 3 |
| BOTTOM OF THE 8TH |
|
Iowa Oaks batting - Pitching for Omaha Storm Chasers : LHP Joe W Price
|
|
Batting: LHB Gary Jones
|
0-0: Ball 1-0: Ball 2-0: Reached via error on a dropped throw from 2B, E3 (Groundball, 4, EV 86.9 MPH)
|
|
Batting: RHB Ronald Evans
|
0-0: 2-RUN HOME RUN (Flyball, 7D, EV 106.3 MPH), Distance : 376 ft
|
|
Batting: LHB Donald Johnson
|
0-0: Called Strike 0-1: Ground out U3 (Groundball, 34, EV 86.9 MPH)
|
|
Batting: LHB Wayne Krenchicki
|
0-0: Ball 1-0: Swinging Strike 1-1: Foul Ball, location: 2F 1-2: Ball 2-2: Ball 3-2: SINGLE (Groundball, 4M, EV 103.8 MPH) (infield hit)
|
|
Batting: SHB Michael Pace
|
0-0: Fly out, F9 (Flyball, 9LS, EV 83.8 MPH)
|
|
Batting: RHB Edgar Flores
|
0-0: Fly out, F7 (Flyball, 7S, EV 88.8 MPH)
|
| Bottom of the 8th over - 2 runs, 2 hits, 1 error, 1 left on base; Omaha 7 - Iowa 5 |
| TOP OF THE 9TH |
|
Omaha Storm Chasers batting - Pitching for Iowa Oaks : RHP Gregory Kastner
|
|
Batting: RHB Al Minker
|
0-0: Fly out, F9 (Flyball, 9D, EV 102.5 MPH)
|
|
Batting: SHB Larry Bowa
|
0-0: Ball 1-0: Called Strike 1-1: Ball 2-1: Foul Ball, location: 2F 2-2: Ground out U3 (Groundball, 3, EV 105.6 MPH)
|
|
Batting: LHB Donald Elliott
|
0-0: Foul Ball, location: 2F 0-1: Called Strike 0-2: Ground out 4-3 (Groundball, 4M, EV 100.0 MPH)
|
| Top of the 9th over - 0 runs, 0 hits, 0 errors, 0 left on base; Omaha 7 - Iowa 5 |
| BOTTOM OF THE 9TH |
|
Iowa Oaks batting - Pitching for Omaha Storm Chasers : LHP Joe W Price
|
|
Batting: RHB Mark Benson
|
0-0: Called Strike 0-1: Ball 1-1: Foul Ball, location: 2F 1-2: Foul Ball, location: 2F 1-2: Ball 2-2: Ball 3-2: Foul Ball, location: 2F 3-2: Base on Balls
|
|
Pitching: RHP Mark Platel
|
|
|
Batting: SHB Mike Turgeon
|
0-0: Ball 1-0: Called Strike 1-1: Ball 2-1: Foul Ball, location: 2F 2-2: Strikes out looking
|
|
Batting: RHB Dave F Schmidt
|
0-0: Grounds into double play, 5-4-3 (Groundball, 5, EV 107.5 MPH)
|
| Bottom of the 9th over - 0 runs, 0 hits, 0 errors, 0 left on base; Omaha 7 - Iowa 5 |
|